 Dungeon Crawl Stone Soup version 0.29.1-1-gd02db6906a (webtiles) character file.

Game seed: 16102569258024172665

34 xian the Trooper (level 3, -1/33 HPs)
             Began as a Draconian Chaos Knight on Oct 15, 2022.
             Was a Plaything of Xom.
             Slain by Natasha (5 damage)
             ... on level 2 of the Dungeon.
             The game lasted 00:02:37 (625 turns).

xian the Trooper (Draconian Chaos Knight)            Turns: 625, Time: 00:02:37

Health: -1/33      AC:  5    Str: 14    XL:     3   Next: 14%
Magic:  1/3        EV: 12    Int: 14    God:    Xom [..*...]
Gold:   46         SH:  0    Dex: 16    Spells: 1/2 levels left

rFire   . . .      SeeInvis .   a - +0 hand axe (chaos)
rCold   . . .      Faith    .   (no shield)
rNeg    . . .      Spirit   .   (body armour unavailable)
rPois   .          Reflect  .   (helmet restricted)
rElec   .          Harm     .   k - scarf {repulsion}
rCorr   .          Rampage  .   (no gloves)
Will    .....                   (no boots)
Stlth   ++........              (no amulet)
HPRegen 0.11/turn               d - +6 ring of dexterity
MPRegen 0.08/turn               (no ring)

@: slowed, repel missiles, very slow
A: AC +5, unfitting armour, cold-blooded
a: Renounce Religion


You were on level 2 of the Dungeon.
You worshipped Xom.
You were a toy of Xom.
You visited 1 branch of the dungeon, and saw 2 of its levels.

You collected 98 gold pieces.
You spent 52 gold pieces at shops.

Inventory:

Hand Weapons
 a - a +0 hand axe of chaos (weapon)
Missiles
 f - 2 boomerangs
Armour
 k - a scarf of repulsion (worn)
Magical Staves
 j - a staff of fire
Jewellery
 d - a +6 ring of dexterity (left hand)
Scrolls
 e - a scroll of identify {unknown}
 g - a scroll of amnesia {unknown}
 h - a scroll of blinking {unknown}
 i - a scroll of poison {unknown}
Miscellaneous
 b - a piece from Xom's chessboard (14/15)


   Skills:
 + Level 3.7 Fighting
 + Level 3.3 Axes
 + Level 2.2 Dodging
 + Level 1.2 Stealth
 + Level 0.3 Spellcasting
 + Level 0.2 Earth Magic
 + Level 0.2 Evocations


You had one spell level left.
You knew the following spells:

 Your Spells              Type           Power      Damage    Failure   Level
a - Sandblast             Erth           2%         2d4       26%         1

Your spell library contained the following spells:

 Spells                   Type           Power      Damage    Failure   Level
 Passwall                 Tmut/Erth      0%         N/A       38%         2
 Stone Arrow              Conj/Erth      0%         3d7       63%         3


Dungeon Overview and Level Annotations

Branches:
Dungeon (2/15)

Altars:

Shops:
D:2 !

Annotations:
D:2 Natasha


Innate Abilities, Weirdness & Mutations

Your plain brown scales are hard. (AC +5)
You cannot fit into any form of body armour.
You are cold-blooded and may be slowed by cold attacks.


Message History

Natasha barely misses you.
Natasha stares at you and mumbles some strange words.
The magic dart hits you!
You are too injured to fight recklessly!
You are too injured to fight recklessly!
You are too injured to fight recklessly!
You are too injured to fight recklessly!
Casting: Sandblast (safe; 26% risk of failure)
Confirm with . or Enter, or press ? or * to list all spells.
Aiming: Sandblast (safe; 26% risk of failure)
Press: ? - help, Shift-Dir - straight line, f - Natasha
Aim: Natasha (76% to hit)
The blast of sand hits Natasha.
Natasha is moderately wounded.
Natasha claws you. Natasha closely misses you.
Casting: Sandblast (safe; 26% risk of failure)
Confirm with . or Enter, or press ? or * to list all spells.
Aiming: Sandblast (safe; 26% risk of failure)
Press: ? - help, Shift-Dir - straight line, f/p - Natasha
Aim: Natasha (lightly wounded, 76% to hit)
The blast of sand hits Natasha!
Natasha is severely wounded.
Natasha claws you but does no damage. Natasha claws you!
* * * LOW HITPOINT WARNING * * *
You emit a cloud of colourful smoke!
The goblin closely misses you. Natasha claws you but does no damage.
The goblin misses you.
You feel better. Natasha casts a spell at you. The magic dart hits you!
* * * LOW HITPOINT WARNING * * *
The goblin hits you with a +0 dagger.
* * * LOW HITPOINT WARNING * * *
The goblin completely misses you.
Natasha casts a spell.
You feel better. The shadow imp hits you.
* * * LOW HITPOINT WARNING * * *
Natasha claws you.
You die...
Xom guffaws!

#....# #$$$....
##....######.∩$#...
#<....+......$$..#
##....#####......#
#...........#..#.#
#........##.#.##.#
##.8...8.##.#.. .
#.......8##.#### #
#.@5.....##.#
#.hg.÷...##.##
#§.§...÷......
#_......8.....
#########.>#..
..... ..... #...
#..


You could see Natasha, a shadow imp (summoned) and a goblin.

Vanquished Creatures
  An adder (D:2)
  A dart slug (D:1)
  2 bats (D:1)
  An endoplasm (D:1)
  A giant cockroach (D:2)
  A goblin (D:1)
  5 hobgoblins
  A kobold (D:1)
  A quokka (D:1)
  3 ball pythons (D:1)
  A frilled lizard (D:1)
18 creatures vanquished.

Notes
Turn   | Place    | Note
-------+----------+-------------------------------------------
     0 | D:1      | xian the Draconian Chaos Knight began the quest for the
                  | Orb.
     0 | D:1      | Reached XP level 1. HP: 19/19 MP: 1/1
    89 | D:1      | Reached XP level 2. HP: 17/27 MP: 2/2
    93 | D:1      | Learned a level 1 spell: Sandblast
   119 | D:1      | XOM: divination: detect items
   542 | D:1      | XOM: cloud trail
   548 | D:2      | Found a faded altar of an unknown god.
   549 | D:2      | XOM: divination: detect creatures
   551 | D:2      | Found Duvyny's Distillery.
   583 | D:2      | XOM: noise
   597 | D:2      | Reached skill level 1 in Stealth
   597 | D:2      | Reached XP level 3. HP: 33/33 MP: 3/3
   597 | D:2      | Bought a potion of curing for 39 gold pieces
   597 | D:2      | Bought a potion of degeneration for 13 gold pieces
   597 | D:2      | Noticed Natasha
   622 | D:2      | XOM: smoke on damage
   624 | D:2      | HP: 1/33 [goblin/+0 dagger (2)]
   625 | D:2      | Slain by Natasha

Illustrated notes

Levels and vault maps discovered:
D:1:      beargit_arrival_greenhouse, layout_rooms, st_stairs_6,
          serial_park_tiny_2
D:2:      layout_basic, serial_shops, shop_coins,
          shapermc_ecumenical_altar_pompeii, kennysheep_generic_room_4,
          uniq_natasha, uniq_jessica

Skill      XL: |  1  2 |
---------------+-------+-----
Stealth        | 1 |  1.2
Fighting       | |  3.7
Axes           | |  3.3
Dodging        | |  2.2
Spellcasting   | |  0.3
Earth Magic    | |  0.2
Evocations     | |  0.2

Action                   || total
-------------------------++-------
Melee: Hand axe          ||    38
       Tailslap          ||     5
 Cast: Sandblast         ||    11
Evoke: Piece from Xom's  ||     2
  Use: Potion            ||     2
 Stab: Petrified         ||     2
       Paralysed         ||     2
Armor: Skin              ||    13
Dodge: Dodged            ||    44
